 Dungeon Crawl Stone Soup version 0.19.5 (webtiles) character file.

117 wolfsongas the Twirler (level 4, -3/35 HPs)
             Began as a Demonspawn Gladiator on May 3, 2017.
             Slain by Natasha (6 damage)
             ... on level 3 of the Dungeon.
             The game lasted 00:05:27 (1954 turns).

wolfsongas the Twirler (Demonspawn Gladiator)       Turns: 1954, Time: 00:05:28

Health: -3/35      AC: 11    Str: 15    XL:     4   Next: 71%
Magic:  4/4        EV: 13    Int: 11    God:
Gold:   126        SH:  0    Dex: 15    Spells: 0 memorised, 3 levels left

rFire  . . .     SeeInvis .     a - +0 quarterstaff
rCold  + . .     Gourm    .     b - +0 leather armour
rNeg   . . .     Faith    .     (shield currently unavailable)
rPois  .         Spirit   .     c - +1 helmet
rElec  .         Reflect  .     (no cloak)
rCorr  .         Harm     .     (no gloves)
MR     .....                    (no boots)
Stlth  ..........               i - amulet of magic regeneration
                                (no ring)
                                k - ring of loudness (curse)

@: sanguine armour, slowed, very slow
A: clever 1, cold resistance 1, high mp 1, powered by death 1, sanguine armour 1
a: no special abilities


You were on level 3 of the Dungeon.
You were not hungry.

You visited 1 branch of the dungeon, and saw 3 of its levels.

You collected 126 gold pieces.

Inventory:

Hand Weapons
 a - a +0 quarterstaff (weapon)
Missiles
 d - 3 throwing nets (quivered)
Armour
 b - a +0 leather armour (worn)
 c - a +1 helmet (worn)
Jewellery
 i - an amulet of magic regeneration (around neck)
 k - a cursed ring of loudness (left hand)
Scrolls
 l - a scroll of remove curse
Potions
 e - a potion of flight {unknown}
Comestibles
 f - 2 chunks of flesh
 g - a slice of pizza
 h - 3 fruits


   Skills:
 + Level 3.0 Fighting
 * Level 3.9 Staves
 + Level 2.1 Throwing
 + Level 3.2 Dodging


You had 3 spell levels left.
You didn't know any spells.

Dungeon Overview and Level Annotations

Branches:
Dungeon (3/15)

Altars:
Kikubaaqudgha
Uskayaw

Annotations:
D:3 Natasha


Innate Abilities, Weirdness & Mutations

You regenerate a little health from kills.
When seriously injured, your bleeding wounds create armour. (AC +6)
Your mind is acute. (Int +2)
Your flesh is cold resistant. (rC+)
You have an increased reservoir of magic. (+10% MP)


Message History

* * * LOW HITPOINT WARNING * * *
You hit the crimson imp but do no damage.
The crimson imp is moderately wounded.
The goblin hits you but does no damage. Something claws you but does no damage.
The crimson imp barely misses you. The goblin closely misses you.
Something completely misses you.
You thump the crimson imp!
The crimson imp is severely wounded.
The crimson imp hits you but does no damage.
The goblin hits you but does no damage.
You hear some strange, mumbled words.
A magic dart appears from out of thin air!
The magic dart hits you!
The crimson imp hits you but does no damage.
You hit the crimson imp.
The crimson imp is severely wounded.
Something claws you but does no damage. The goblin hits you with a club.
* * * LOW HITPOINT WARNING * * *
The crimson imp completely misses you. Something claws you.
You die...

######## ##......##
##........## #<.........#
##..........#
#####...........#
#.....{5........#
#..#####@........#
#..#..(#)g......########
#..#..(#................
....#####.>.......#######
[##.................#
#..._.............#
##................#
.#####...........#
....#......#...#


You could see 2 dancing weapons, a crimson imp and a goblin.

Vanquished Creatures
  Natasha (D:3)
  4 adders
  An ooze (D:2)
  A worm (D:2)
  2 dart slugs (D:1)
  An orc (D:3)
  6 bats
  2 giant cockroaches
  8 goblins
  3 hobgoblins
  6 kobolds
  A quokka (D:3)
  A ball python (D:1)
  3 frilled lizards
  5 rats
45 creatures vanquished.

Notes
Turn   | Place    | Note
-------+----------+-------------------------------------------
     0 | D:1      | wolfsongas the Demonspawn Gladiator began the quest for the Orb.
     0 | D:1      | Reached XP level 1. HP: 16/16 MP: 1/1
   123 | D:1      | Gained mutation: When seriously injured, your bleeding wounds create armour. (AC +6) [demonic ancestry]
   123 | D:1      | Reached XP level 2. HP: 22/22 MP: 2/2
   363 | D:1      | Gained mutation: You have a pair of small antennae on your head. [potion of mutation]
   363 | D:1      | Gained mutation: You possess an exceptional clarity of mind. [potion of mutation]
   363 | D:1      | Gained mutation: You are agile. (Dex +2) [potion of mutation]
   907 | D:2      | Gained mutation: You regenerate a little health from kills. [demonic ancestry]
   907 | D:2      | Reached XP level 3. HP: 25/28 MP: 3/3
   920 | D:2      | Found an ancient bone altar of Kikubaaqudgha.
  1168 | D:2      | Lost mutation: You are agile. (Dex +2) [potion of cure mutation]
  1168 | D:2      | Lost mutation: You have a pair of small antennae on your head. [potion of cure mutation]
  1168 | D:2      | Lost mutation: You possess an exceptional clarity of mind. [potion of cure mutation]
  1522 | D:2      | Reached XP level 4. HP: 25/34 MP: 4/4
  1721 | D:3      | Noticed a hand axe
  1721 | D:3      | Noticed a dagger
  1723 | D:3      | Found a hide-covered altar of Uskayaw.
  1745 | D:3      | Gained mutation: Your flesh is cold resistant. (rC+) [potion of mutation]
  1745 | D:3      | Gained mutation: Your mind is acute. (Int +2) [potion of mutation]
  1745 | D:3      | Gained mutation: You have an increased reservoir of magic. (+10% MP) [potion of mutation]
  1760 | D:3      | Noticed Natasha
  1766 | D:3      | Killed Natasha
  1933 | D:3      | Noticed Natasha
  1954 | D:3      | Slain by Natasha

Skill      XL: |  1  2  3  4 |
---------------+-------------+-----
Staves         | 3 |  3.9
Throwing       | 2 |  2.1
Dodging        | 3 |  3.2
Fighting       | 3 |  3.0

Action                   |  1- 3 |  4- 6 || total
-------------------------+-------+-------++-------
Melee: Quarterstaff      |   117 |    41 ||   158
  Use: Scroll            |     8 |     2 ||    10
       Potion            |     5 |     2 ||     7
 Stab: Invisible         |     1 |       ||     1
  Eat: Bread ration      |     1 |       ||     1
       Chunk             |     1 |       ||     1
Armor: Leather armour    |    39 |    19 ||    58
Dodge: Dodged            |    87 |    40 ||   127
